AoeStats
← jphilkill

African Clearing

505424409Analyzed
4v4 RM · 24d ago on Sep 9, 2026· 41m 38s· 8 players
Game mode
Random Map
Map size
Large (8 player)
Population
200
Speed
Normal
Resources
Standard
Victory
Conquest
Starting age
Dark Age
Ending age
Imperial Age
RankedLock teamsTeams togetherTeam positionsShared explorationLock speedFull tech treeHidden civsTurbo modeCheats
Victory
Defeat
🇳🇱 Hindustanis · Netherlands
1091
+12
🇨🇳 Slavs · China
1064
+13
🇹🇼 Byzantines · Taiwan
1023
+15
🇹🇼 Mongols · Taiwan
1015
+16
🇩🇪 Vietnamese · Germany
1021
-15
1016
-14
🇨🇳 Koreans · China
1009
-14
🇩🇪 Japanese · Germany
975
-13
slayopatra
6:15 Loom
14:31 Feudal Age
15:15 Double-Bit Axe
15:35 Gold Mining
18:52 Castle Age
16:54 Stone Mining
18:39 Fletching
18:50 Padded Archer Armor
20:00 Bow Saw
28:50 Bodkin Arrow
29:35 Chatras
29:41 Crossbowman
30:53 Bloodlines
32:17 Wheelbarrow
32:14 Forging
34:07 Husbandry
35:46 Hand Cart
39:08 Pikeman
如果智慧有颜色
16:11 Loom
18:13 Feudal Age
23:59 Castle Age
22:18 Stone Mining
22:50 Fletching
23:01 Padded Archer Armor
24:53 Bodkin Arrow
25:23 Masonry
27:04 Gold Mining
27:30 Double-Bit Axe
29:19 Bow Saw
30:34 Ballistics
31:22 Leather Archer Armor
31:20 Crossbowman
32:06 Thumb Ring
34:31 Horse Collar
35:27 Kamandaran
36:13 Gold Shaft Mining
42:33 Imperial Age
40:41 Wheelbarrow
39:52 Town Watch
40:45 Stone Shaft Mining
MaChi
4:36 Loom
16:03 Feudal Age
19:06 Gold Mining
19:07 Stone Mining
19:13 Fletching
27:20 Wheelbarrow
34:30 Horse Collar
39:26 Castle Age
40:38 Town Watch
40:44 Town Watch
41:14 Hand Cart
41:33 Town Patrol
jphilkill
3:36 Loom
16:59 Feudal Age
18:08 Double-Bit Axe
20:42 Stone Mining
22:54 Castle Age
20:48 Gold Mining
22:08 Horse Collar
23:46 Wheelbarrow
23:10 Pikeman
23:54 Scale Mail Armor
25:13 Gold Shaft Mining
26:58 Heavy Plow
27:07 Squires
31:22 Elite Skirmisher
35:04 Fletching
36:09 Bow Saw
38:21 Forging
40:30 Hand Cart
Xion574
15:48 Feudal Age
16:21 Man-at-Arms
16:47 Arson
17:13 Double-Bit Axe
18:12 Horse Collar
18:59 Loom
21:20 Scale Mail Armor
27:59 Castle Age
26:33 Fletching
26:43 Padded Archer Armor
32:34 Wheelbarrow
33:51 Scale Barding Armor
33:57 Forging
34:21 Bloodlines
34:12 Husbandry
36:01 Hand Cart
36:36 Chain Barding Armor
36:51 Iron Casting
36:17 Elite Skirmisher
37:48 Heavy Plow
38:00 Bow Saw
39:06 Town Watch
39:52 Thumb Ring
41:15 Town Patrol
41:53 Grand Trunk Road
deankuo
5:34 Loom
13:29 Feudal Age
14:08 Double-Bit Axe
19:52 Castle Age
20:51 Bow Saw
21:22 Bloodlines
22:19 Stone Mining
23:51 Fletching
23:54 Horse Collar
24:50 Bodkin Arrow
25:01 Scale Barding Armor
32:49 Gold Mining
36:15 Imperial Age
36:04 Wheelbarrow
35:43 Thumb Ring
37:02 Ballistics
37:34 Conscription
37:35 Elite Mangudai
39:19 Chemistry
38:36 Bracer
39:48 Padded Archer Armor
feifei0920097740
5:27 Loom
15:38 Feudal Age
26:57 Castle Age
25:36 Fletching
37:23 Elite Skirmisher
40:11 Double-Bit Axe
43:52 Imperial Age
40:52 Pikeman
41:33 Squires
41:19 Gambesons
芒果芋圆冰
7:53 Loom
11:46 Feudal Age
12:55 Double-Bit Axe
18:39 Castle Age
17:36 Stone Mining
19:19 Scale Barding Armor
19:20 Horse Collar
20:03 Town Watch
29:32 Bow Saw
35:07 Imperial Age
39:48 Chain Barding Armor
42:24 Plate Barding Armor
42:25 Bloodlines
Connection lost

Rejoining the realm…

Still unreachable

The connection could not be restored.

Session expired

The server has moved on; the page needs a fresh start.